 Dungeon Crawl Stone Soup version 0.23.2-1-ga50397a (webtiles) character file.

Game seed: 15702732200201616567

553 stonz the Covered (level 7, 0/61 HPs)
             Began as a Minotaur Berserker on Apr 20, 2019.
             Was a Priest of Trog (penitent).
             Slain by a polar bear (2 damage)
             ... created by the rage of Trog
             ... on level 5 of the Dungeon.
             The game lasted 00:28:44 (4459 turns).

stonz the Covered (Minotaur Berserker)              Turns: 4459, Time: 00:28:45

Health: 0/61       AC:  6    Str: 29    XL:     7   Next: 8%
Magic:  6/6        EV:  9    Int:  4    God:    Trog [*]
Gold:   169        SH:  0    Dex:  9    Spells: 5/6 levels left

rFire    . . .     SeeInvis +   a - +2 hand axe
rCold    . . .     Gourm    .   (no shield)
rNeg     . . .     Faith    .   t - +0 chain mail
rPois    .         Spirit   .   (helmet restricted)
rElec    .         Reflect  .   d - +0 cloak
rCorr    .         Harm     .   q - +0 pair of gloves
MR       .....                  (no boots)
Stlth    ..........             (no amulet)
HPRegen  0.20/turn              b - -6 ring of protection (curse)
MPRegen  0.10/turn              i - ring of see invisible

@: mighty
A: retaliatory headbutt, horns 2
a: Renounce Religion


You were on level 5 of the Dungeon.
You worshipped Trog.
Trog was demanding penance.
You were not hungry.

You visited 1 branch of the dungeon, and saw 5 of its levels.

You collected 169 gold pieces.

Inventory:

Hand Weapons
 a - a +2 hand axe (weapon)
Missiles
 o - 80 stones (quivered)
Armour
 d - a +0 cloak (worn)
 q - a +0 pair of gloves (worn)
 t - a +0 chain mail (worn)
Jewellery
 b - a cursed -6 ring of protection (left hand)
 i - a ring of see invisible (right hand)
Wands
 k - a wand of random effects (16)
 l - a wand of flame (18)
Scrolls
 g - a scroll of remove curse
Potions
 e - a potion of brilliance
 f - 2 potions of haste
 h - a potion of cancellation
 j - 2 potions of curing
 p - 2 potions of agility
Comestibles
 c - 5 rations


   Skills:
 + Level 5.6 Fighting
 + Level 5.5 Axes
 + Level 2.8 Throwing
 + Level 5.7 Armour
 + Level 2.3 Dodging
 + Level 0.3 Stealth
 + Level 0.1 Hexes


You had 5 spell levels left.
You knew the following spells:

 Your Spells              Type           Power        Failure   Level  Hunger
a - Confusing Touch       Hex            #.....       95%         1    ##.....

Your spell library contained the following spells:

 Spells                   Type           Power        Failure   Level  Hunger
 Infusion                 Chrm           #...         95%         1    ##.....
 Shroud of Golubria       Chrm/Tloc      #.........   99%         2    ###....
 Song of Slaying          Chrm           #.......     99%         2    ###....
 Confuse                  Hex            #.......     100%        3    ####...
 Gell's Gravitas          Tloc           #.........   100%        3    ####...
 Regeneration             Chrm/Necr      #.........   100%        3    ####...
 Spectral Weapon          Hex/Chrm       #.......     100%        3    ####...
 Petrify                  Tmut/Erth      #.......     100%        4    #####..
 Metabolic Englaciation   Hex/Ice        #.........   100%        5    ######.
 Yara's Violent Unravell  Hex/Tmut       #.........   100%        5    ######.


Dungeon Overview and Level Annotations

Branches:
Dungeon (5/15)
 Temple: D:4-7

Altars:
Nemelex Xobeh
Trog


Innate Abilities, Weirdness & Mutations

You reflexively headbutt those who attack you in melee.
You have a pair of horns on your head.


Message History

The black bear bites you.
The black bear claws you but does no damage.
The black bear claws you. The polar bear bites you. The polar bear claws you.
The polar bear barely misses you.
You hit the black bear.
The black bear is moderately wounded.
You slash the black bear! You hit the polar bear.
The black bear closely misses you.
The black bear claws you but does no damage.
The black bear claws you. The black bear bites you.
* * * LOW HITPOINT WARNING * * *
The black bear claws you.
* * * LOW HITPOINT WARNING * * *
The black bear claws you but does no damage.
The polar bear bites you!
* * * LOW HITPOINT WARNING * * *
The polar bear claws you.
* * * LOW HITPOINT WARNING * * *
The polar bear claws you.
You die...

...........####
###...÷.......#
......####.##.#
###.#.# #.##.# #
#.#.# #.##.# #
#.#.# #.##.###
###.#.#######.hh#
..#.####....###h##
#.#.##.......##h@#
#.###)).......##h#
#.###....#....##.#
#.##....###...##.#
...#.._.#y#....÷.#
.<##)...###...####
...##....#....#
...##.....†...#
...###)......##


You could see a polar bear (berserk) and 4 black bears.

Vanquished Creatures
  A black bear (D:5)
  A phantom (D:4)
  A scorpion (D:4)
  A crimson imp (D:5)
  A centaur skeleton (D:4)
  An iguana (D:5)
  Ijyb (D:4)
  Natasha (thrice) (D:4)
  2 orc wizards (D:5)
  8 adders
  8 worms
  A dart slug (D:1)
  4 leopard geckos
  7 orcs
  3 giant cockroaches
  5 goblins
  4 hobgoblins
  6 jackals
  7 bats
  9 frilled lizards
  10 kobolds
  A leopard gecko zombie (D:4)
  A quokka zombie (D:4)
  7 rats
  A rat zombie (D:4)
94 creatures vanquished.

Notes
Turn   | Place    | Note
-------+----------+-------------------------------------------
     0 | D:1      | stonz the Minotaur Berserker began the quest for the Orb.
     0 | D:1      | Reached XP level 1. HP: 19/19 MP: 0/0
   177 | D:1      | Reached XP level 2. HP: 27/27 MP: 1/1
   735 | D:2      | Found a sparkling altar of Nemelex Xobeh.
   755 | D:2      | Reached XP level 3. HP: 32/34 MP: 2/2
   766 | D:2      | Reached ** piety under Trog
  1274 | D:2      | Reached XP level 4. HP: 34/41 MP: 3/3
  2161 | D:3      | Reached *** piety under Trog
  2443 | D:3      | Reached skill level 1 in Throwing
  3059 | D:4      | Reached skill level 5 in Fighting
  3117 | D:4      | Noticed Ijyb
  3117 | D:4      | Noticed Natasha
  3129 | D:4      | Killed Natasha
  3129 | D:4      | Reached XP level 5. HP: 28/48 MP: 4/4
  3131 | D:4      | Killed Ijyb
  3294 | D:4      | Noticed Natasha
  3304 | D:4      | Killed Natasha
  3442 | D:4      | Noticed a phantom
  3469 | D:4      | Killed a phantom
  3469 | D:4      | Reached skill level 5 in Axes
  3469 | D:4      | Reached skill level 5 in Armour
  3469 | D:4      | Reached XP level 6. HP: 19/56 MP: 5/5
  3781 | D:4      | Noticed Natasha
  3792 | D:4      | Killed Natasha
  4102 | D:5      | Entered Level 5 of the Dungeon
  4143 | D:5      | Was placed under penance by Trog
  4145 | D:5      | Learned a level 1 spell: Confusing Touch
  4194 | D:5      | Noticed a moth of wrath
  4197 | D:5      | Found a bloodstained altar of Trog.
  4383 | D:5      | Reached XP level 7. HP: 52/61 MP: 6/6
  4455 | D:5      | Noticed a polar bear
  4459 | D:5      | HP: 2/61 [polar bear[the rage of Trog] (2)]
  4459 | D:5      | Slain by a polar bear

Skill      XL: |  1  2  3  4  5 |
---------------+----------------+-----
Fighting       | 4 5 |  5.6
Axes           | 4 5 |  5.5
Armour         | 3 5 |  5.7
Throwing       | 1 2 |  2.8
Dodging        | |  2.3
Stealth        | |  0.3
Hexes          | |  0.1

Action                   |  1- 3 |  4- 6 |  7- 9 || total
-------------------------+-------+-------+-------++-------
Melee: Hand axe          |    91 |   128 |    13 ||   232
       Headbutt          |    10 |    15 |       ||    25
Throw: Stone             |    42 |   134 |       ||   176
Invok: Berserk           |     1 |       |       ||     1
  Use: Scroll            |    15 |     5 |       ||    20
       Potion            |       |     1 |     1 ||     2
  Eat: Ration            |     1 |     3 |       ||     4
Armor: Plate armour      |    20 |       |       ||    20
       Animal skin       |     1 |       |       ||     1
       Chain mail        |    40 |    40 |    12 ||    92
Dodge: Dodged            |    36 |    49 |    14 ||    99
